 Dungeon Crawl Stone Soup version 0.22.1-1-ga44c0e56f4 (webtiles) character file.

802 Ihlosi the Fighter (level 7, -3/87 HPs)
             Began as an Ogre Fighter on Oct 31, 2018.
             Slain by an iguana (10 damage)
             ... on level 5 of the Dungeon.
             The game lasted 00:13:04 (5147 turns).

Ihlosi the Fighter (Ogre Fighter)                   Turns: 5147, Time: 00:13:04

Health: -3/87      AC:  3    Str: 21    XL:     7   Next: 91%
Magic:  0/7        EV:  8    Int:  9    God:
Gold:   290        SH:  9    Dex: 10    Spells: 6/6 levels left

rFire    . . .     SeeInvis .   b - +1 short sword (venom)
rCold    . . .     Gourm    .   c - +1 shield
rNeg     . . .     Faith    .   p - +0 robe
rPois    .         Spirit   +   (helmet restricted)
rElec    .         Reflect  .   (no cloak)
rCorr    .         Harm     .   (gloves unavailable)
MR       ++...                  (boots unavailable)
Stlth    +.........             j - amulet of guardian spirit
HPRegen  0.24/turn              e - ring of protection from magic
MPRegen  0.10/turn              v - ring of protection from magic

@: no status effects
A: large, unfitting armour, tough skin 1
a: no special abilities


You were on level 5 of the Dungeon.
You were near starving.

You visited 1 branch of the dungeon, and saw 5 of its levels.

You collected 290 gold pieces.

Inventory:

Hand Weapons
 a - a +2 mace of holy wrath
 b - a +1 short sword of venom (weapon)
 u - a +0 flail
Armour
 c - a +1 shield (worn)
 p - a +0 robe (worn)
Jewellery
 e - a ring of protection from magic (left hand)
 j - an amulet of guardian spirit (around neck)
 v - a ring of protection from magic (right hand)
 x - an uncursed ring of fire
Wands
 w - a wand of paralysis (8)
Scrolls
 d - 2 scrolls of remove curse
 g - 4 scrolls of identify
 k - 2 scrolls of magic mapping
 l - a scroll of enchant weapon
 m - a scroll of noise
Potions
 h - 2 potions of curing
 i - 3 potions of degeneration
 q - a potion of brilliance
Comestibles
 f - 5 rations


   Skills:
 * Level 10.3 Fighting
 + Level 3.9 Maces & Flails
 - Level 3.0 Dodging
 - Level 3.0 Shields


You had 6 spell levels left.
You didn't know any spells.
Your spell library contained the following spells:

 Spells                   Type           Power        Failure   Level  Hunger
 Animate Skeleton         Necr           N/A          83%         1    ##.....
 Pain                     Necr           #...         83%         1    ##.....
 Regeneration             Chrm/Necr      #.........   99%         3    ####...
 Vampiric Draining        Necr           #.........   99%         3    ####...
 Animate Dead             Necr           N/A          100%        4    #####..


Dungeon Overview and Level Annotations

Branches:
Dungeon (5/15)
 Temple: D:4-7

Altars:
Gozag

Annotations:
D:5 Pikel


Innate Abilities, Weirdness & Mutations

You are too large for most types of armour.
You have tough skin. (AC +1)


Message History

You are near starving!
You hit the orc but do no damage.
The orc is poisoned.
The orc closely misses you. You block the orc's attack.
You block the iguana's attack.
An orc comes into view.
The orc warrior hits you from afar with an enchanted glaive!
* * * LOW HITPOINT WARNING * * *
The orc shouts!
You hit the orc.
The orc looks as sick as possible!
The orc is almost dead.
You kill the orc!
The orc hits you with a flail.
* * * LOW HITPOINT WARNING * * *
The iguana bites you but does no damage.
You block the orc warrior's attack.
Okay, then.
You hit the iguana.
The iguana is lightly wounded.
The iguana bites you!
You die...

#..#.##....
#(.........
##'##.#...
#####oo...#....
#.()oo.........
#K###....###...
#s###s......
#.#)op......#
#o#@#.......#
##.#l#.......#
#..o.#.......#
######.......


You could see an orc warrior, a slave, a scorpion, an iguana, an orc wizard and
an orc.

Vanquished Creatures
  An ice beast (D:5)
  A centaur (D:5)
  2 ogres
  2 hounds (D:4)
  A bullfrog skeleton (D:4)
  2 orc priests (D:4)
  2 orc wizards (D:4)
  A centaur skeleton (D:4)
  Jessica (D:2)
  Ijyb (D:4)
  A worker ant (D:4)
  7 adders
  An adder skeleton (D:4)
  5 worms
  2 leopard geckos
  9 orcs
  A giant cockroach (D:1)
  9 goblins
  10 hobgoblins
  3 jackals (D:2)
  5 kobolds
  2 quokkas (D:2)
  8 bats
  2 frilled lizards (D:2)
  7 rats
86 creatures vanquished.

Notes
Turn   | Place    | Note
-------+----------+-------------------------------------------
     0 | D:1      | Ihlosi the Ogre Fighter began the quest for the Orb.
     0 | D:1      | Reached XP level 1. HP: 24/24 MP: 1/1
   326 | D:1      | Reached XP level 2. HP: 22/32 MP: 2/2
  1129 | D:2      | Reached XP level 3. HP: 35/40 MP: 3/3
  1524 | D:2      | Noticed Jessica
  1532 | D:2      | Killed Jessica
  1532 | D:2      | Reached skill level 5 in Fighting
  1532 | D:2      | Reached XP level 4. HP: 41/50 MP: 4/4
  2142 | D:2      | You fall through a shaft!
  2158 | D:3      | Reached XP level 5. HP: 34/59 MP: 2/5
  2640 | D:3      | Reached skill level 6 in Fighting
  3059 | D:3      | Found an opulent altar of Gozag.
  3326 | D:4      | Noticed Ijyb
  3374 | D:4      | Noticed an ogre
  3476 | D:3      | Killed an ogre
  3476 | D:3      | Reached skill level 7 in Fighting
  3476 | D:3      | Reached XP level 6. HP: 42/71 MP: 6/6
  3744 | D:4      | Reached skill level 8 in Fighting
  3909 | D:4      | Reached skill level 9 in Fighting
  3909 | D:4      | Reached XP level 7. HP: 23/83 MP: 3/7
  4237 | D:4      | Killed Ijyb
  4887 | D:5      | Entered Level 5 of the Dungeon
  4907 | D:5      | HP: 3/84 [ice beast (4)]
  4910 | D:5      | Reached skill level 10 in Fighting
  5065 | D:5      | Noticed Pikel
  5147 | D:5      | Slain by an iguana

Skill      XL: |  1  2  3  4  5  6  7 |
---------------+----------------------+-----
Maces & Flails | 2 3 |  3.9
Dodging        | 3 |  3.0
Shields        | 3 |  3.0
Fighting       | 5 7 9 10 | 10.3

Action                   |  1- 3 |  4- 6 |  7- 9 || total
-------------------------+-------+-------+-------++-------
Melee: Flail             |   135 |   143 |       ||   278
       Mace              |       |    25 |    31 ||    56
       Short sword       |       |       |    33 ||    33
Evoke: Wand              |       |       |     3 ||     3
  Use: Potion            |     2 |     4 |     3 ||     9
       Scroll            |       |       |     8 ||     8
 Stab: Sleeping          |       |     2 |     1 ||     3
       Invisible         |       |     1 |       ||     1
       Paralysed         |       |       |     2 ||     2
  Eat: Chunk             |     2 |     5 |     2 ||     9
       Ration            |       |     1 |       ||     1
Armor: Robe              |    41 |    27 |    12 ||    80
       Skin              |       |     1 |       ||     1
Dodge: Dodged            |    53 |    65 |    18 ||   136
Block: Shield            |    68 |    82 |    31 ||   181
